 Dungeon Crawl Stone Soup version 0.28.0-45-g0d030f2227 (webtiles) character file.

Game seed: 1161494220078459269

37 MisterFreud the Changer (level 3, 0/28 HPs)
             Began as a Draconian Transmuter on Apr 18, 2022.
             Slain by a kobold
             ... wielding a +0 short sword
              (2 damage)
             ... on level 2 of the Dungeon.
             The game lasted 00:01:19 (784 turns).

MisterFreud the Changer (Draconian Transmuter)       Turns: 784, Time: 00:01:19

Health: 0/28       AC:  5    Str: 12    XL:     3   Next: 21%
Magic:  6/6        EV: 12    Int: 15    God:
Gold:   31         SH:  0    Dex: 11    Spells: 5/6 levels left

rFire   . . .      SeeInvis .     - Unarmed
rCold   . . .      Faith    .   (no shield)
rNeg    . . .      Spirit   .   (armour unavailable)
rPois   .          Reflect  .   (helmet restricted)
rElec   .          Harm     .   (no cloak)
rCorr   .          Rampage  .   (no gloves)
Will    .....                   (no boots)
Stlth   +.........              (no amulet)
HPRegen 0.09/turn               (no ring)
MPRegen 0.10/turn               (no ring)

@: no status effects
A: AC +5, unfitting armour, cold-blooded
a: no special abilities


You were on level 2 of the Dungeon.
You visited 1 branch of the dungeon, and saw 2 of its levels.

You collected 31 gold pieces.

Inventory:

Scrolls
 b - a scroll of immolation {unknown}
Potions
 a - 2 potions of ambrosia {unknown}


   Skills:
 - Level 1.2 Fighting
 - Level 1.8 Dodging
 - Level 3.0 Unarmed Combat
 - Level 2.0 Spellcasting
 + Level 3.5 Transmutations


You had 5 spell levels left.
You knew the following spells:

 Your Spells              Type           Power      Damage    Failure   Level
a - Beastly Appendage     Tmut           24%        N/A       5%          1

Your spell library contained the following spells:

 Spells                   Type           Power      Damage    Failure   Level
 Wereblood                Tmut           12%        N/A       8%          2
 Animate Skeleton         Necr           2%         N/A       22%         1
 Apportation              Tloc           2%         N/A       22%         1
 Summon Small Mammal      Summ           4%         N/A       22%         1
 Spider Form              Tmut/Pois      6%         N/A       32%         3
 Ice Form                 Ice/Tmut       6%         N/A       71%         4


Dungeon Overview and Level Annotations

Branches:
Dungeon (2/15)

Altars:


Innate Abilities, Weirdness & Mutations

Your plain brown scales are hard. (AC +5)
You cannot fit into any form of body armour.
You are cold-blooded and may be slowed by cold attacks.


Message History

You are frozen.
* * * LOW HITPOINT WARNING * * *
You hit the endoplasm.
The endoplasm is almost dead.
The endoplasm misses you.
You hit the endoplasm.
You kill the endoplasm!
You feel yourself speed up. The quokka barely misses you.
The quokka closely misses you.
You hit the quokka but do no damage. Your kick misses the quokka.
The quokka barely misses you.
You barely miss the quokka. Your kick misses the quokka.
The quokka bites you but does no damage.
Your horns disappear.
Your talons disappear.
The quokka bites you but does no damage.
The quokka bites you.
* * * LOW HITPOINT WARNING * * *
Found a scale mail.
The quokka barely misses you.
The rat twitches its whiskers.
The quokka bites you but does no damage.
The quokka bites you but does no damage.
Found an escape hatch in the floor.
The quokka bites you but does no damage.
The quokka barely misses you.
The quokka bites you but does no damage.
There is an escape hatch in the floor here.
The quokka bites you.
* * * LOW HITPOINT WARNING * * *
You slide downwards.
The hatch slams shut behind you.
A kobold and a ball python come into view.
Found 13 gold pieces.
Found a stone staircase leading up.
The kobold shouts!
The ball python hisses angrily.
The adder closely misses you. The quokka closely misses you.
The kobold hits you with a +0 short sword.
* * * LOW HITPOINT WARNING * * *
Found a leather armour.
The adder barely misses you.
The kobold hits you with a +0 short sword.
You die...

#..# #..# #$.#
#..# #..# #..# #
#..######[ .##.#
#K@.......
......#S#######.
<......r#######.#
#####...........#
.....###########
####. #. . #


You could see an adder, a quokka and a kobold.

Vanquished Creatures
  4 ball pythons (D:1)
  An endoplasm (D:1)
  3 giant cockroaches (D:1)
  2 goblins (D:1)
  2 hobgoblins (D:1)
  8 jackals (D:1)
  A kobold (D:1)
  5 quokkas (D:1)
  A bat (D:1)
  A frilled lizard (D:1)
28 creatures vanquished.

Notes
Turn   | Place    | Note
-------+----------+-------------------------------------------
     0 | D:1      | MisterFreud the Draconian Transmuter began the quest for
                  | the Orb.
     0 | D:1      | Reached XP level 1. HP: 16/16 MP: 3/3
   315 | D:1      | Reached XP level 2. HP: 19/23 MP: 3/5
   501 | D:1      | Found a faded altar of an unknown god.
   717 | D:1      | Reached XP level 3. HP: 18/28 MP: 6/6
   784 | D:2      | Slain by a kobold

Illustrated notes

Levels and vault maps discovered:
D:1:      minmay_arrival_five_plusses, layout_basic, basic_ecumenical_altar
D:2:      layout_loops_ring, minmay_misc_feat_more_columns

Skill      XL: |  1  2 |
---------------+-------+-----
Transmutations | 3 |  3.5
Fighting       | |  1.2
Dodging        | |  1.8
Unarmed Combat | |  3.0
Spellcasting   | |  2.0

Action                   || total
-------------------------++-------
Melee: Unarmed           ||    97
       Kick              ||    11
       Tailslap          ||    11
       Headbutt          ||     4
       Punch             ||     3
 Cast: Beastly Appendage ||    13
Armor: Skin              ||    38
Dodge: Dodged            ||    75
